 Dungeon Crawl Stone Soup version 0.25-a0-860-gf695395b5c (webtiles) character file.

Game seed: 9663538110924698641, levelgen mode: deterministic

6 Napalmbreeze the Caller (level 1, -2/14 HPs)
             Began as a Barachi Summoner on Apr 27, 2020.
             Slain by Robin
             ... wielding a +0 short sword
              (8 damage)
             ... on level 1 of the Dungeon.
             The game lasted 00:01:39 (1201 turns).

Napalmbreeze the Caller (Barachi Summoner)          Turns: 1201, Time: 00:01:39

Health: -2/14      AC:  2    Str:  9    XL:     1   Next: 90%
Magic:  1/3        EV: 12    Int: 15    God:
Gold:   41         SH:  0    Dex: 12    Spells: 3/4 levels left

rFire    . . .     SeeInvis .   (no weapon)
rCold    . . .     Gourm    .   (no shield)
rNeg     . . .     Faith    .   a - +0 robe
rPois    .         Spirit   .   (no helmet)
rElec    .         Reflect  .   (no cloak)
rCorr    .         Harm     .   (no gloves)
MR       +....                  (no boots)
Stlth    ++........             (no amulet)
HPRegen  0.04/turn              b - ring of protection from magic
MPRegen  0.08/turn              (no ring)

@: slow
A: +LOS, swims, slowness 1, strong legs 1
a: Hop


You were on level 1 of the Dungeon.
You were not hungry.

You visited 1 branch of the dungeon, and saw 2 of its levels.

You collected 41 gold pieces.

Inventory:

Armour
 a - a +0 robe (worn)
Jewellery
 b - a ring of protection from magic (left hand)
 d - an uncursed ring of resist corrosion {unknown}
Scrolls
 g - a scroll of fog {unknown}
Potions
 e - a potion of curing {unknown}
 h - a potion of degeneration {unknown}
Comestibles
 c - a ration


   Skills:
 + Level 0.8 Fighting
 - Level 2.1 Dodging
 - Level 1.7 Stealth
 + Level 2.4 Spellcasting
 + Level 4.9 Summonings


You had 3 spell levels left.
You knew the following spells:

 Your Spells              Type           Power        Failure   Level  Hunger
a - Summon Small Mammal   Summ           ###.         2%          1    #......

Your spell library contained the following spells:

 Spells                   Type           Power        Failure   Level  Hunger
 Call Imp                 Summ           ###.....     4%          2    ###....
 Call Canine Familiar     Summ           ###.....     9%          3    ###....
 Summon Guardian Golem    Hex/Summ       #.......     22%         3    ###....
 Summon Ice Beast         Ice/Summ       #.......     58%         4    #####..
 Summon Lightning Spire   Summ/Air       #.......     58%         4    #####..


Dungeon Overview and Level Annotations

Branches:
Dungeon (2/15)

Altars:

Annotations:
D:1 Robin


Innate Abilities, Weirdness & Mutations

You can be seen from farther away. (+LOS)
You can swim through water.
You cover ground slowly.
You can hop short distances.


Message History

You eat one of the 3 chunks of flesh.
This raw flesh tastes terrible.
Your quokka disappears in a puff of smoke!
All of the chunks of flesh in your inventory have rotted away.
HP restored.
There is a stone staircase leading down here.
You climb downwards.
Level annotation: Robin Robin hits you with a +0 short sword.
Robin completely misses you.
There is a stone staircase leading up here.
Robin hits you with a +0 short sword.
You climb upwards.
There is a stone staircase leading down here.
Casting: Summon Small Mammal (safe; 2% risk of failure)
Confirm with . or Enter, or press ? or * to list all spells.
Robin hits you with a +0 short sword.
Casting: Summon Small Mammal (safe; 2% risk of failure)
Confirm with . or Enter, or press ? or * to list all spells.
Robin hits you with a +0 short sword!
Ouch! That really hurt!
You die...

#.............♣♣###...###♣ ####
##.######♣♣).....♣♣#'''#♣♣♣
...####..# ####.............
........########## ###♣♣♣.......♣
##.##.####....[..# ♣♣...♣♣♣♣
.#.##.# #.#####.# ##### .#.##.#
#.#####.###########
.#.##.####.##..r)g.........######
................@................
##.##..#####...............#####.
##.##..# #...b.................
....#..#####.#................#..
#####..#......##.....(......##...
#.....#......#.#..........#.#...
#.###.#.......#.##......##.#....
##.# #.#........##.#....#.##.....
...# #.#........#.#.#..#.#.#....#


You could see Robin, a friendly quokka and a friendly bat.

Vanquished Creatures
  A giant cockroach (D:1)
  A goblin (D:1)
  A bat (D:1)
3 creatures vanquished.

Vanquished Creatures (collateral kills)
  2 goblins (D:1)
  A hobgoblin (D:1)
  A rat (D:1)
4 creatures vanquished.

Grand Total: 7 creatures vanquished

Notes
Turn   | Place    | Note
-------+----------+-------------------------------------------
     0 | D:1      | Napalmbreeze the Barachi Summoner began the quest for the
                  | Orb.
     0 | D:1      | Reached XP level 1. HP: 13/13 MP: 3/3
   904 | D:2      | Noticed Robin
  1201 | D:1      | Slain by Robin

Levels and vault maps discovered:
D:1:      sevenhm_arrival_forest_fort_large_2, layout_basic, serial_forest,
          infiniplex_forest_clump_C, infiniplex_forest_clump_curved,
          infiniplex_forest_zigzag_2, infiniplex_forest_corner_1,
          minmay_misc_feat_secret_circle
D:2:      layout_basic, uniq_robin

Action                   || total
-------------------------++-------
Melee: Unarmed           ||    38
 Cast: Summon Small Mamm ||    10
  Eat: Chunk             ||     1
Armor: Robe              ||    17
Dodge: Dodged            ||    24

Table legend:
 A = Non-vault XP
 B = Vault XP
 C = Vault XP percentage of total XP
 D = Non-vault monster count
 E = Vault monster count
 F = Vault count percentage of total count
                 A         B        C        D         E       F
            +---------+---------+-------+---------+---------+-------
      Total |       7 |       2 |  22.2 |       5 |       2 |  28.6
            +---------+---------+-------+---------+---------+-------
        D:1 |       7 |       2 |  22.2 |       5 |       2 |  28.6
            +---------+---------+-------+---------+---------+-------
